 Dungeon Crawl Stone Soup version 0.16.1-29-g3e760ad (webtiles) character file.

127 hemol the Covered (level 4, -2/39 HPs)
             Began as a Minotaur Fighter on June 9, 2015.
             Killed from afar by Natasha (5 damage)
             ... with a wand of magic darts
             ... on level 3 of the Dungeon.
             The game lasted 00:03:11 (1503 turns).

hemol the Covered (Minotaur Fighter)                Turns: 1503, Time: 00:03:12

Health: -2/39      AC:  9    Str: 21    XL:     4   Next: 85%
Magic:  2/2        EV:  5    Int:  5    God:
Gold:   96         SH:  9    Dex: 10    Spells: 0 memorised, 3 levels left

rFire  . . .     SeeInvis .     o - +1 whip (freeze)
rCold  . . .     Clarity  .     j - +0 chain mail
rNeg   . . .     SustAb   .     c - +0 shield
rPois  .         Gourm    .     (helmet unavailable)
rElec  .         Spirit   .     (no cloak)
rCorr  .         Warding  .     (no gloves)
rMut   .         Stasis   .     (no boots)
MR     .....                    (no amulet)
Stlth  ..........               (no ring)
                                (no ring)

@: slowed, very slow, not resistant to hostile enchantments, extremely
unstealthy
A: retaliatory headbutt, horns 3
a: no special abilities


You were on level 3 of the Dungeon.
You were not hungry.

You visited 1 branch of the dungeon, and saw 3 of its levels.

You collected 96 gold pieces.

Inventory:

Hand weapons
 a - a +0 flail
 o - a +1 whip of freezing (weapon)
Armour
 b - a +0 scale mail
 c - a +0 shield (worn)
 j - a +0 chain mail (worn)
Scrolls
 g - a scroll of magic mapping {unknown}
 h - 2 scrolls of identify {unknown}
 l - 3 scrolls of noise {unknown}
 p - 2 scrolls of recharging {unknown}
 s - a scroll of fog {unknown}
 t - a scroll of teleportation {unknown}
 u - a scroll of blinking {unknown}
Potions
 e - a potion of might
 i - a potion of mutation {unknown}
 k - a potion of lignification {unknown}
 n - 2 potions of curing {unknown}
 r - a potion of brilliance {unknown}
 v - 2 potions of ambrosia {unknown}
 x - a potion of agility {unknown}
Comestibles
 d - 3 bread rations
 m - a slice of pizza
 q - 8 fruits


   Skills:
 - Level 3.6 Fighting
 * Level 5.0 Maces & Flails
 + Level 5.0 Armour
 + Level 0.1 Stealth
 - Level 3.7 Shields


You had 3 spell levels left.
You didn't know any spells.

Dungeon Overview and Level Annotations

Branches:
Dungeon (3/15)

Altars:
Nemelex Xobeh

Annotations:
D:3 Natasha


Innate Abilities, Weirdness & Mutations

You reflexively headbutt those who attack you in melee.
You have a pair of large horns on your head.


Message History

Natasha is moderately wounded.
The crimson imp hits you but does no damage.
You block Natasha's attack. You block the iron imp's attack.
All of the chunks of flesh in your inventory have rotted away.
You hit Natasha. You freeze Natasha. You headbutt Natasha, but do no damage.
Natasha is heavily wounded.
Natasha zaps a wand.
The magic dart hits you!
* * * LOW HITPOINT WARNING * * *
The iron imp hits you but does no damage.
The crimson imp hits you but does no damage.
The crimson imp hits you.
* * * LOW HITPOINT WARNING * * *
Drink which item? (? for menu, Esc to quit)
It was a potion of beneficial mutation.
The horns on your head grow some more.
You feel fantastic! You block Natasha's attack.
The crimson imp hits you but does no damage.
You block the crimson imp's attack. The iron imp completely misses you.
Natasha zaps a wand.
The magic dart hits you!
You die...

. ..## #.. ...#
##.... #..# #.....
. #..# #..#.# #
#..# # #..#.# .
#..# #. #..#.# #
#5h# ##.##..#.# #
#5@# #(..#..#.# #
#.5###.# #...#.# #
#..#... #.....####
#..#.#.###....†....
#....##...#.#######
##.#####.##.# #.#
##...#.#
#.###.#>#....#
#.##.##.##.#.#


You could see an iron imp, Natasha and 2 crimson imps.

Vanquished Creatures
  4 gnolls (D:3)
  An adder (D:2)
  3 worms (D:2)
  5 giant geckos
  4 giant cockroaches
  6 goblins
  6 hobgoblins
  2 quokkas (D:2)
  7 bats
  2 giant newts
  9 jackals
  7 kobolds
  4 rats
60 creatures vanquished.

Notes
Turn   | Place    | Note
--------------------------------------------------------------
     0 | D:1      | hemol, the Minotaur Fighter, began the quest for the Orb.
     0 | D:1      | Reached XP level 1. HP: 19/19 MP: 1/1
   109 | D:1      | Reached XP level 2. HP: 24/26 MP: 1/1
   140 | D:1      | Reached skill level 4 in Armour
   608 | D:2      | Found a sparkling altar of Nemelex Xobeh.
   779 | D:2      | Reached XP level 3. HP: 31/31 MP: 2/2
  1076 | D:2      | Reached XP level 4. HP: 39/39 MP: 2/2
  1278 | D:3      | Reached skill level 5 in Armour
  1444 | D:3      | Reached skill level 5 in Maces & Flails
  1491 | D:3      | Noticed Natasha
  1503 | D:3      | Gained mutation: You have a pair of large horns on your head. [potion of beneficial mutation]
  1503 | D:3      | Killed from afar by Natasha

Action                   |  1- 3 |  4- 6 || total
-------------------------+-------+-------++-------
Melee: Flail             |    47 |       ||    47
       Whip              |    88 |    50 ||   138
  Use: Potion            |       |     1 ||     1
  Eat: Chunk             |       |     2 ||     2
